 Dungeon Crawl Stone Soup version 0.25-a0-413-g3b4b6a4ccc (webtiles) character file.

Game seed: 6179984903652039293, levelgen mode: deterministic

47 MrRokkomies the Ducker (level 3, -1/19 HPs)
             Began as a Spriggan Abyssal Knight on Jan 16, 2020.
             Was a Follower of Lugonu.
             Slain by a gnoll
             ... wielding a +0 halberd of venom
              (13 damage)
             ... on level 2 of the Dungeon on Jan 17, 2020.
             The game lasted 00:06:51 (2143 turns).

MrRokkomies the Ducker (Spriggan Abyssal Knight)    Turns: 2143, Time: 00:06:51

Health: -1/19      AC:  2    Str:  4 (9)  XL:     3   Next: 48%
Magic:  6/6        EV: 18    Int: 12 (13) God:    Lugonu [*.....]
Gold:   206        SH:  0    Dex: 12 (15) Spells: 2/2 levels left

rFire    + . .     SeeInvis +   a - +1 short sword
rCold    . . .     Gourm    .   (shield restricted)
rNeg     . . .     Faith    +   b - +0 robe
rPois    .         Spirit   .   (helmet restricted)
rElec    .         Reflect  .   (no cloak)
rCorr    .         Harm     .   (gloves unavailable)
MR       .....                  (boots unavailable)
Stlth    ++........             h - amulet of faith
HPRegen  0.06/turn              f - ring of protection from fire
MPRegen  0.10/turn              (no ring)

@: very quick
A: very small, unfitting armour, see invisible, [deterioration 2], herbivore,
speed 3, slow metabolism 2, [no potion heal 2]
a: Depart the Abyss, Renounce Religion


You were on level 2 of the Dungeon.
You worshipped Lugonu.
Lugonu was aware of your devotion.
You were not hungry.

You visited 1 branch of the dungeon, and saw 2 of its levels.
You visited the Abyss 1 time.

You collected 206 gold pieces.

Inventory:

Hand Weapons
 a - a +1 short sword (weapon)
 o - a +0 hunting sling
Missiles
 e - a throwing net (quivered)
 l - 49 sling bullets
Armour
 b - a +0 robe (worn)
Jewellery
 f - a ring of protection from fire (left hand)
 h - an amulet of faith (around neck)
Wands
 j - a wand of flame (16)
Scrolls
 d - 4 scrolls of identify
 g - a scroll of fear {unknown}
Potions
 i - 3 potions of lignification
 k - a potion of invisibility {unknown}
 m - a potion of flight {unknown}
 n - a potion of curing
Comestibles
 c - 3 rations


   Skills:
 - Level 2.4 Fighting
 * Level 3.0 Short Blades
 + Level 4.0 Dodging
 + Level 1.9 Stealth
 * Level 2.7 Invocations


You had 2 spell levels left.
You didn't know any spells.
Your spell library contained the following spells:

 Spells                   Type           Power        Failure   Level  Hunger
 Poisonous Vapours        Pois/Air       #.....       45%         2    ###....
 Sublimation of Blood     Necr           #.........   45%         2    ###....
 Conjure Flame            Conj/Fire      #.......     69%         3    ####...
 Ignite Poison            Fire/Tmut/Pois #.......     69%         3    ####...
 Mephitic Cloud           Conj/Pois/Air  #.......     69%         3    ####...
 Petrify                  Tmut/Erth      #.......     97%         4    #####..
 Alistair's Intoxication  Tmut/Pois      #.......     100%        5    ######.
 Irradiate                Conj/Tmut      #.........   100%        5    ######.
 Eringya's Noxious Bog    Tmut/Pois      #.........   100%        6    #######
 Freezing Cloud           Conj/Ice/Air   #.........   100%        6    #######
 Ring of Flames           Chrm/Fire      #.........   100%        7    #######


Dungeon Overview and Level Annotations

Branches:
Dungeon (2/15)

Altars:


Innate Abilities, Weirdness & Mutations

You are very small and have problems with some larger weapons.
You are too small for most types of armour.
You have supernaturally acute eyesight. (SInv)
You are a herbivore.
You cover ground extremely quickly.
You need to consume almost no food.
[Your body often deteriorates upon taking damage.]
[Potions are poor at restoring your health.]


Message History

Lugonu accepts your kill.
No target in view!
Things that are here:
a +0 dagger; a +0 hunting sling; 23 stones You open the door.
There is an open door here. 3 gnolls come into view.
A gnoll is wielding a +0 halberd of venom.
A gnoll is wielding a +0 whip of distortion.
The gnoll shouts!
You completely miss the gnoll. The gnoll hits you.
Your body deteriorates!
You feel weakened.
You closely miss the gnoll. The gnoll hits you.
Your body deteriorates!
You feel clumsy.
You closely miss the gnoll. The gnoll closely misses you. x2
You hit the gnoll.
The gnoll is lightly wounded.
The gnoll completely misses you.
The gnoll hits you from afar with a +0 halberd of venom!
Ouch! That really hurt!
You die...

###### .....# .....#
### .....###### #..
####......# #.#
####......# #g#
...'......+ #g#
####..>...# #g#
#.........# #@#
#.####'#########.#
#.##.............#
.....#..........##
...###################
...'.................#
...##....###########.#
...'..........# #.#
...#.....####.# #.#


You could see 3 gnolls.

Vanquished Creatures
  An adder (D:2)
  A worm (D:2)
  A dart slug (D:1)
  2 leopard geckos (D:2)
  6 goblins
  4 hobgoblins
  2 jackals (D:2)
  A quokka (D:2)
  3 bats
  3 frilled lizards
  4 kobolds
  5 rats
33 creatures vanquished.

Notes
Turn   | Place    | Note
-------+----------+-------------------------------------------
     0 | Abyss:1  | MrRokkomies the Spriggan Abyssal Knight began the quest for
                  | the Orb.
     0 | Abyss:1  | Reached XP level 1. HP: 11/11 MP: 3/3
     8 | Abyss:1  | Found a corrupted altar of Lugonu.
    28 | Abyss:1  | Noticed a chaos spawn
    67 | Abyss:1  | Noticed a quasit
    82 | Abyss:1  | Noticed a small abomination
    97 | Abyss:1  | Noticed a small abomination
   105 | Abyss:1  | Noticed a small abomination
   108 | Abyss:1  | Noticed a large abomination
   109 | Abyss:1  | Noticed a smoke demon
   137 | Abyss:1  | Noticed a wretched star
   137 | Abyss:1  | Noticed a raiju
   202 | Abyss:3  | Found a corrupted altar of Lugonu.
   229 | Abyss:3  | Noticed a lightning spire
   257 | Abyss:3  | Noticed a reaper
   334 | Abyss:4  | Noticed a great orb of eyes
   341 | Abyss:5  | Entered Level 5 of the Abyss
   347 | Abyss:5  | Noticed an efreet
   347 | Abyss:5  | Noticed a smoke demon
   355 | D:1      | Escaped the Abyss
   504 | D:1      | Reached * piety under Lugonu
   666 | D:1      | Reached XP level 2. HP: 16/16 MP: 4/4
   687 | D:1      | Reached skill level 1 in Stealth
  1630 | D:2      | Reached XP level 3. HP: 12/19 MP: 5/5
  1970 | D:2      | Reached skill level 4 in Dodging
  2143 | D:2      | Slain by a gnoll

Levels and vault maps discovered:
D:1:      minmay_arrival_open_corners, layout_loops_ring
D:2:      layout_basic, minmay_joined_circles, uniq_sigmund, uniq_robin

Skill      XL: |  1  2  3 |
---------------+----------+-----
Invocations    | 2 |  2.7
Stealth        | 1 |  1.9
Short Blades   | 3 |  3.0
Dodging        | 4 |  4.0
Fighting       | |  2.4

Action                   || total
-------------------------++-------
Melee: Short sword       ||   125
Invok: Depart the Abyss  ||     1
  Use: Scroll            ||     6
 Stab: Sleeping          ||     4
Armor: Robe              ||    12
Dodge: Dodged            ||   121

Table legend:
 A = Non-vault XP
 B = Vault XP
 C = Vault XP percentage of total XP
 D = Non-vault monster count
 E = Vault monster count
 F = Vault count percentage of total count
                 A         B        C        D         E       F
            +---------+---------+-------+---------+---------+-------
      Total |      63 |       5 |   7.4 |      30 |       3 |   9.1
            +---------+---------+-------+---------+---------+-------
        D:1 |      18 |       0 |   0.0 |      12 |       0 |   0.0
        D:2 |      45 |       5 |  10.0 |      18 |       3 |  14.3
            +---------+---------+-------+---------+---------+-------
